 Dungeon Sprint DCSS version 0.29-a0-993-g4a18f31a58 (webtiles) character file.

Game seed: 1580326778418122508

186 Hubris850 the Cruncher (level 5, 0/35 HPs)
             Began as a Tengu Ice Elementalist on Aug 2, 2022.
             Was a Priest of Vehumet.
             Killed from afar by Ijyb (14 damage)
             ... with an iceblast
             ... in the Dungeon (Sprint VII: "The Pits").
             The game lasted 00:03:35 (964 turns).

Hubris850 the Cruncher (Tengu Ice Elementalist)      Turns: 964, Time: 00:03:36

Health: 0/35       AC:  2    Str:  8    XL:     5   Next: 66%
Magic:  4/9        EV: 18    Int: 17    God:    Vehumet [***...]
Gold:   0          SH:  0    Dex: 15    Spells: 2/8 levels left

rFire   . . .      SeeInvis .   l - +1 quarterstaff (protect)
rCold   . . .      Faith    .   (shield currently unavailable)
rNeg    . . .      Spirit   .   a - +0 robe
rPois   .          Reflect  .   (helmet restricted)
rElec   .          Harm     .   (no cloak)
rCorr   .          Rampage  .   (no gloves)
Will    .....      NoTele   +   (boots unavailable)
Stlth   ++........              (no amulet)
HPRegen 0.11/turn               (no ring)
MPRegen 0.11/turn               (no ring)

@: freezing walls, flying quickly and evasively, quick
A: beak, talons 3, nimble flight
a: Renounce Religion


You were in the Dungeon.
You worshipped Vehumet.
Vehumet was most pleased with you.
You visited 1 branch

Inventory:

Hand Weapons
 h - a +2 quarterstaff
 l - a +1 quarterstaff of protection (weapon)
Armour
 a - a +0 robe (worn)
Scrolls
 g - a scroll of blinking
 j - 5 scrolls of amnesia
 k - a scroll of summoning
Potions
 b - 5 potions of magic
 c - 6 potions of curing
 d - 6 potions of heal wounds
 e - a potion of haste
 f - 3 potions of berserk rage
 i - 2 potions of invisibility


   Skills:
 - Level 5.0 Fighting
 + Level 8.4 Staves
 - Level 7.0 Dodging
 - Level 2.0 Stealth
 - Level 2.0 Spellcasting
 - Level 3.6 Ice Magic


You had 2 spell levels left.
You knew the following spells:

 Your Spells              Type           Power      Damage    Failure   Level
a - Freeze                Ice            52%        1d7       1%          1
b - Poisonous Vapours     Pois/Air       2%         N/A       8%          2
c - Frozen Ramparts       Ice            26%        1d10      3%          3

Your spell library contained the following spells:

 Spells                   Type           Power      Damage    Failure   Level
 Inner Flame              Hex/Fire       1%         N/A       16%         3
 Ozocubu's Armour         Ice            13%        N/A       13%         3
 Hailstorm                Conj/Ice       7%         3d4       24%         4


Dungeon Overview and Level Annotations

Branches:
Dungeon (1/1)

Altars:
Ashenzari
Cheibriados
Dithmenos
Elyvilon
Fedhas
Gozag
Hepliaklqana
Kikubaaqudgha
Makhleb
Nemelex Xobeh
Okawaru
Qazlal
Ru
Sif Muna
Trog
Uskayaw
Vehumet
Wu Jian
Xom
Yredelemnul
Zin
The Shining One
Jiyva
Lugonu

Annotations:
D Ijyb


Innate Abilities, Weirdness & Mutations

You have a beak for a mouth.
You have claws for feet.
Your magical nature lets you fly swiftly and evasively.


Message History

A gnoll comes into view. It is wielding a +0 club.
Ijyb the Twisted Goblin comes into view.
She is wielding a +0 club and carrying a wand of iceblast (12).
Training target 5.0 for Fighting reached!
Training target 7.0 for Dodging reached!
Your Fighting skill increases to level 5!
Your Staves skill gained 2 levels and is now at level 7!
Your Dodging skill increases to level 7!
You have reached level 5!
Your magical nature develops, letting you fly swiftly and evasively.
The wall freezes the orc.
The gnoll shouts!
You hear a shout!
The wall freezes the orc!
You kill the orc!
Vehumet accepts your kill.
Vehumet offers you knowledge of Inner Flame.
Ijyb shouts!
Ijyb zaps a wand.
The mass of ice explodes!
The iceblast engulfs you!
An orc wizard comes into view. It is wielding a +0 dagger.
The orc wizard shouts!
The frozen ramparts melt away.
The orc wizard casts a spell at you. The magic dart hits you!
Casting: Frozen Ramparts (quite dangerous; 13% risk of failure)
Confirm with . or Enter, or press ? or * to list all spells.
The spell is quite dangerous to miscast (13% risk of failure)!
Continue anyway?
Casting: Frozen Ramparts (quite dangerous; 13% risk of failure)
Press: ? - help, Dir - look around, f - activate The walls around you are covered in ice.
The wall freezes the orc wizard!
Ijyb screams, "Me stronger than you!"
Unknown command.
The wall freezes the orc wizard.
You kill the orc wizard!
Vehumet accepts your kill.
Vehumet is now aiding your destructive spells.
You feel your power returning.
The wall freezes Ijyb.
Your Staves skill increases to level 8!
The wall freezes Ijyb.
Ijyb zaps a wand.
The mass of ice explodes!
The iceblast engulfs you!
You die...

##########.##.....
#...........'.....
#'#####)#####.....
#.#...#.#[[##.....
#.#...#.#.)#####'#
#.#...'.#))##.....
#.##'####))##.....
#.#.....#..##.....
#@#.....#'###...<.
#.#........##.....
#g#........##.....
#'###########.....
#Yg....w# ######
#.o#.#..# #.## #
#.. #.#


You could see an ice beast, Ijyb, an orc wizard and a gnoll.

Vanquished Creatures
  A bullfrog (D)
  A scorpion (D)
  A jelly (D)
  An orc wizard (D)
  An ufetubus (D)
  An orc (D)
  A giant cockroach (D)
  A hobgoblin (D)
  A ball python (D)
  A ball python skeleton (D)
  A bat (D)
  A kobold (D)
12 creatures vanquished.

Notes
Turn   | Place    | Note
-------+----------+-------------------------------------------
     0 | D        | Hubris850 the Tengu Ice Elementalist began the quest for
                  | the Orb.
     0 | D        | Reached XP level 1. HP: 10/10 MP: 4/4
    39 | D        | Found a glowing golden altar of the Shining One.
    39 | D        | Found a glowing silver altar of Zin.
    39 | D        | Found a basalt altar of Yredelemnul.
    39 | D        | Found a shimmering altar of Xom.
    39 | D        | Found an ornate altar of the Wu Jian Council.
    39 | D        | Found a bloodstained altar of Trog.
    39 | D        | Found a shimmering blue altar of Sif Muna.
    39 | D        | Found a sacrificial altar of Ru.
    39 | D        | Found a stormy altar of Qazlal.
    39 | D        | Found an iron altar of Okawaru.
    39 | D        | Found a sparkling altar of Nemelex Xobeh.
    39 | D        | Found a burning altar of Makhleb.
    39 | D        | Found a viscous altar of Jiyva.
    39 | D        | Found a hazy altar of Hepliaklqana.
    39 | D        | Found an opulent altar of Gozag.
    39 | D        | Found a blossoming altar of Fedhas.
    39 | D        | Found a white marble altar of Elyvilon.
    39 | D        | Found a shadowy altar of Dithmenos.
    39 | D        | Found a snail-covered altar of Cheibriados.
    40 | D        | Found a radiant altar of Vehumet.
    40 | D        | Found a corrupted altar of Lugonu.
    41 | D        | Found an ancient bone altar of Kikubaaqudgha.
    41 | D        | Found a hide-covered altar of Uskayaw.
    41 | D        | Found a broken altar of Ashenzari.
    48 | D        | Became a worshipper of Vehumet
    67 | D        | Reached skill level 1 in Fighting
    69 | D        | Reached skill level 1 in Staves
   104 | D        | Reached * piety under Vehumet
   104 | D        | Offered knowledge of Magic Dart by Vehumet.
   105 | D        | Reached XP level 2. HP: 3/17 MP: 6/6
   109 | D        | Reached skill level 2 in Staves
   398 | D        | Noticed a scorpion
   407 | D        | Killed a scorpion
   408 | D        | Reached skill level 4 in Staves
   408 | D        | Reached skill level 5 in Dodging
   408 | D        | Reached XP level 3. HP: 10/24 MP: 5/7
   408 | D        | Reached XP level 4. HP: 12/29 MP: 5/8
   649 | D        | Offered knowledge of Poisonous Vapours by Vehumet.
   649 | D        | Reached ** piety under Vehumet
   654 | D        | Learned a level 2 spell: Poisonous Vapours
   658 | D        | Learned a level 3 spell: Frozen Ramparts
   671 | D        | Reached skill level 5 in Staves
   950 | D        | Noticed a bullfrog
   951 | D        | Noticed an ice beast
   957 | D        | Killed a bullfrog
   957 | D        | Noticed Ijyb
   958 | D        | Reached skill level 5 in Fighting
   958 | D        | Reached skill level 7 in Staves
   958 | D        | Gained mutation: Your magical nature lets you fly swiftly
                  | and evasively. [Tengu growth]
   958 | D        | Reached XP level 5. HP: 35/35 MP: 5/9
   959 | D        | Offered knowledge of Inner Flame by Vehumet.
   963 | D        | Reached *** piety under Vehumet
   964 | D        | Reached skill level 8 in Staves
   964 | D        | Killed from afar by Ijyb

Illustrated notes

Levels and vault maps discovered:
D:        pitsprint [storerooms_1, entrance_room_1, metal_vault_6, armoury_2,
          mini_pit_1, grid_room_1, main_hall_1, silver_pit, the_coven_1,
          the_vestibule_1, steel_vault_4, golden_pit, hallway_of_sentries,
          crystal_vault_2, iron_vault_2, final_vault]

Skill      XL: |  1  2  3  4  5 |
---------------+----------------+-----
Fighting       | 2 4 5 |  5.0
Staves         | 1 4 7 8 |  8.4
Dodging        | 3 5 7 |  7.0
Stealth        | |  2.0
Spellcasting   | |  2.0
Ice Magic      | |  3.6

Action                   |  1- 3 |  4- 6 || total
-------------------------+-------+-------++-------
Melee: Quarterstaff      |    20 |     9 ||    29
       Peck              |     5 |     4 ||     9
       Unarmed           |     4 |       ||     4
       Kick              |     3 |     3 ||     6
 Cast: Freeze            |     1 |     1 ||     2
       Frozen Ramparts   |       |     2 ||     2
Armor: Robe              |     4 |       ||     4
Dodge: Dodged            |    34 |     8 ||    42

Table legend: (Time is in decaauts)
 A = Elapsed time spent in this place.
 B = Non-inter-level travel time spent in this place.
 C = Inter-level travel time spent in this place.
 D = Time resting spent in this place.
 E = Time spent auto-exploring this place.
 F = Levels seen in this place.
 G = Mean time per level.
                   A        B        C        D        E       F      G
               +--------+--------+--------+--------+--------+-----+--------+
         Total |    968 |    968 |      0 |    767 |      0 |   1 |  968.0 |
       Dungeon |    968 |    968 |      0 |    767 |      0 |   1 |  968.0 |
               +--------+--------+--------+--------+--------+-----+--------+

Top non-repeatable levels by time:
       D: 968 daAuts
